 Dungeon Crawl Stone Soup version 0.28-a0-1199-gef9e1dbd39 (webtiles) character file.

Game seed: 6183162541886798235

50 Gargoyl the Skirmisher (level 3, -1/52 HPs)
             Began as a Gnoll Abyssal Knight on Dec 19, 2021.
             Was a Follower of Lugonu.
             Slain by Terence (2 damage)
             ... on level 2 of the Dungeon.
             The game lasted 00:02:12 (1441 turns).

Gargoyl the Skirmisher (Gnoll Abyssal Knight)       Turns: 1441, Time: 00:02:12

Health: -1/52      AC: 21    Str: 14    XL:     3   Next: 79%
Magic:  6/6        EV:  2    Int:  9    God:    Lugonu [*.....]
Gold:   11         SH:  0    Dex: 12    Spells: 4/4 levels left

rFire   . . .      SeeInvis .   a - +1 hand axe
rCold   . . .      Faith    .   (no shield)
rNeg    . . .      Spirit   .   (armour currently unavailable)
rPois   +          Reflect  .   (helmet currently unavailable)
rElec   .          Harm     .   (cloak currently unavailable)
rCorr   .          Rampage  .   (gloves currently unavailable)
Will    .....      NoTele   +   (boots currently unavailable)
Stlth   ++........              (no amulet)
HPRegen 0.17/turn               (no ring)
MPRegen 0.10/turn               (no ring)

@: tree-form
A: stationary, stasis, torment immunity, boosted hp, (fangs 1), strong nose,
distributed training
a: Renounce Religion, Depart the Abyss


You were on level 2 of the Dungeon.
You worshipped Lugonu.
Lugonu was aware of your devotion.
You were a tree.
You visited 1 branch of the dungeon, and saw 2 of its levels.
You visited the Abyss 1 time.

You collected 11 gold pieces.

Inventory:

Hand Weapons
 a - a +1 hand axe (weapon)
Missiles
 f - 6 poisoned darts (quivered)
Armour
 b - a +0 leather armour (melded)
 d - a +0 pair of gloves (melded)
Wands
 c - a wand of digging (3)
Scrolls
 g - a scroll of amnesia {unknown}


   Skills:
 + Level 6.5 Fighting
 + Level 1.0 Short Blades
 + Level 1.0 Long Blades
 + Level 4.6 Axes
 + Level 1.0 Maces & Flails
 + Level 1.0 Polearms
 + Level 1.0 Staves
 + Level 1.0 Slings
 + Level 1.0 Bows
 + Level 1.0 Crossbows
 + Level 1.0 Throwing
 + Level 4.6 Armour
 + Level 2.6 Dodging
 + Level 1.0 Stealth
 + Level 1.0 Shields
 + Level 1.0 Unarmed Combat
 + Level 1.0 Spellcasting
 + Level 0.7 Conjurations
 + Level 0.7 Hexes
 + Level 0.7 Summonings
 + Level 0.7 Necromancy
 + Level 0.7 Translocations
 + Level 0.7 Transmutations
 + Level 0.7 Fire Magic
 + Level 0.7 Ice Magic
 + Level 0.7 Air Magic
 + Level 0.7 Earth Magic
 + Level 0.7 Poison Magic
 + Level 4.6 Invocations
 + Level 1.0 Evocations


You had 4 spell levels left.
You didn't know any spells.
Your spell library contained the following spells:

 Spells                   Type           Power      Damage    Failure   Level
 Corpse Rot               Necr/Air       2%         N/A       38%         2
 Dispel Undead            Necr           1%         3d6       95%         4
 Death Channel            Necr           0%         N/A       100%        6


Dungeon Overview and Level Annotations

Branches:
Dungeon (2/15)

Altars:

Annotations:
D:2 Terence


Innate Abilities, Weirdness & Mutations

You are a tree.
Your roots penetrate the ground, keeping you stationary.
You cannot be teleported.
You are immune to unholy pain and torment.
Your maximum health is greatly increased.
Your equipment is partially melded.
((You have very sharp teeth.))
Your uncanny sense of smell can sniff out nearby items.
Your experience applies equally to all skills.


Message History

Terence closely misses you.
Unknown command.
You hit Terence but do no damage.
Terence is almost dead.
Terence hits you with a +4 vampiric hand axe.
Terence draws strength from your wounds!
Unknown command.
Throw: 7 darts (poison)
Press: ? - help, Q - select action, (/) - cycle Shift-Dir - straight line, f/p - Terence
Aim: Terence, wielding a +4 vampiric hand axe and wearing a +0 scale mail (heavily wounded, 64% to hit)
You throw a poisoned dart.
The poisoned dart barely misses Terence.
Terence hits you with a +4 vampiric hand axe!
* * * LOW HITPOINT WARNING * * *
Things that are here:
a +0 dagger; a +0 ring mail; a kobold corpse Terence hits you with a +4 vampiric hand axe.
* * * LOW HITPOINT WARNING * * *
Terence draws strength from your wounds!
Okay, then.
Okay, then.
It was a potion of lignification.
You turn into a tree.
Your +0 pair of gloves melds into your body.
Your +0 leather armour melds into your body.
Your roots penetrate the ground.
Terence hits you but does no damage.
You hit Terence.
Terence is heavily wounded.
Terence hits you but does no damage.
You hit Terence but do no damage.
Terence is heavily wounded.
Terence hits you but does no damage.
You closely miss Terence.
Terence is heavily wounded.
Terence hits you with a +4 vampiric hand axe.
* * * LOW HITPOINT WARNING * * *
Terence draws strength from your wounds!
You barely miss Terence.
Terence is heavily wounded.
Terence hits you with a +4 vampiric hand axe.
You die...

..).......).#### #..## ##.#.#
...............######...###..#.#
.....####..........##.#.##..##.##
.....# #.##..#..#....#.##.##....
.....####.###....###.)#.......###
............................###
...#.####.###......##)#..##..#
####..# #.# #....#..#.#..###.##
##.###.# #.#.♣.....#...##..###
#..##.# #.#@........#..##....
##....###.)##......##..##.#..
####....#.####....##.##..###
#.#..#.# #....##.##.## # #(#..#.#
##.........# # #.#..#†#
#.....##### # #.##...# #..#(.## #
#.##...# #..##..### ##


You could see Terence.

Vanquished Creatures
  Jessica (D:2)
  A dart slug (D:1)
  4 bats
  An endoplasm (D:1)
  5 goblins
  A hobgoblin (D:1)
  4 kobolds
  A quokka (D:2)
  2 ball pythons (D:1)
  A frilled lizard (D:1)
21 creatures vanquished.

Notes
Turn   | Place    | Note
-------+----------+-------------------------------------------
     0 | Abyss:1  | Gargoyl the Gnoll Abyssal Knight began the quest for the
                  | Orb.
     0 | Abyss:1  | Reached XP level 1. HP: 23/23 MP: 3/3
    96 | Abyss:1  | Noticed a fire dragon zombie
   131 | Abyss:1  | Noticed a harpy skeleton
   135 | D:1      | Escaped the Abyss
   270 | D:1      | Reached XP level 2. HP: 29/29 MP: 5/5
   409 | D:1      | Reached * piety under Lugonu
   418 | D:1      | Found a faded altar of an unknown god.
   892 | D:2      | Noticed Terence
  1128 | D:2      | Noticed Jessica
  1133 | D:2      | Killed Jessica
  1134 | D:2      | Reached XP level 3. HP: 23/35 MP: 6/6
  1428 | D:2      | Reached skill level 1 in Short Blades
  1428 | D:2      | Reached skill level 1 in Long Blades
  1428 | D:2      | Reached skill level 1 in Maces & Flails
  1428 | D:2      | Reached skill level 1 in Polearms
  1428 | D:2      | Reached skill level 1 in Staves
  1428 | D:2      | Reached skill level 1 in Slings
  1428 | D:2      | Reached skill level 1 in Bows
  1428 | D:2      | Reached skill level 1 in Crossbows
  1428 | D:2      | Reached skill level 1 in Throwing
  1428 | D:2      | Reached skill level 1 in Stealth
  1428 | D:2      | Reached skill level 1 in Shields
  1428 | D:2      | Reached skill level 1 in Unarmed Combat
  1428 | D:2      | Reached skill level 1 in Spellcasting
  1428 | D:2      | Reached skill level 1 in Evocations
  1440 | D:2      | HP: 1/52 [Terence (4)]
  1441 | D:2      | Slain by Terence

Illustrated notes

Levels and vault maps discovered:
D:1:      minmay_arrival_open_corners, layout_rooms,
          shapermc_ecumenical_altar_starsandcircs, serial_rivers,
          chequers_serial_rivers_small_3, chequers_serial_rivers_small_3,
          chequers_serial_rivers_small_3, chequers_serial_rivers_small_3
D:2:      layout_rooms, uniq_jessica, uniq_terence

Skill      XL: |  1  2  3 |
---------------+----------+-----
Short Blades   | 1 |  1.0
Long Blades    | 1 |  1.0
Maces & Flails | 1 |  1.0
Polearms       | 1 |  1.0
Staves         | 1 |  1.0
Slings         | 1 |  1.0
Bows           | 1 |  1.0
Crossbows      | 1 |  1.0
Throwing       | 1 |  1.0
Stealth        | 1 |  1.0
Shields        | 1 |  1.0
Unarmed Combat | 1 |  1.0
Spellcasting   | 1 |  1.0
Evocations     | 1 |  1.0
Fighting       | |  6.5
Axes           | |  4.6
Armour         | |  4.6
Dodging        | |  2.6
Conjurations   | |  0.7
Hexes          | |  0.7
Summonings     | |  0.7
Necromancy     | |  0.7
Translocations | |  0.7
Transmutations | |  0.7
Fire Magic     | |  0.7
Ice Magic      | |  0.7
Air Magic      | |  0.7
Earth Magic    | |  0.7
Poison Magic   | |  0.7
Invocations    | |  4.6

Action                   || total
-------------------------++-------
Melee: Hand axe          ||    79
       Bite              ||     7
Throw: Dart              ||     7
Invok: Depart the Abyss  ||     1
  Use: Scroll            ||     4
       Potion            ||     2
Armor: Leather armour    ||    37
       Skin              ||     3
Dodge: Dodged            ||    69

Table legend: (Time is in decaauts)
 A = Elapsed time spent in this place.
 B = Non-inter-level travel time spent in this place.
 C = Inter-level travel time spent in this place.
 D = Time resting spent in this place.
 E = Time spent auto-exploring this place.
 F = Levels seen in this place.
 G = Mean time per level.
                   A        B        C        D        E       F      G
               +--------+--------+--------+--------+--------+-----+--------+
         Total |   1440 |   1405 |     35 |    181 |    880 |   3 |  480.0 |
       Dungeon |   1305 |   1270 |     35 |    181 |    797 |   2 |  652.5 |
         Abyss |    135 |    135 |      0 |      0 |     83 |   1 |  135.0 |
               +--------+--------+--------+--------+--------+-----+--------+

Top non-repeatable levels by time:
     D:1: 782 daAuts
     D:2: 523 daAuts
 Abyss:1: 135 daAuts
